 Dungeon Crawl Stone Soup version 0.29.0-11-gd7f09526c8 (webtiles) character file.

Game seed: 12882658505202851032

30853 unlimited1921 the Eclecticist (level 13, -10/78 HPs)
             Began as a Djinni Fire Elementalist on Sept 3, 2022.
             Was a High Priest of Fedhas.
             Killed from afar by a deep elf zephyrmancer (38 damage)
             ... with a bolt of lightning
             ... on level 1 of the Elven Halls.
             The game lasted 02:07:15 (18545 turns).

unlimited1921 the Eclecticist (DjFE)               Turns: 18545, Time: 02:07:17

Health: -10/78     AC: 13    Str:  4    XL:     13   Next: 91%
Gold:   45         EV: 10    Int: 25    God:    Fedhas [*****.] SH: 15 Dex: 20

rFire   + + .      SeeInvis .   i - +8 demon blade "Leech" {vamp, Harm Drain rN+}
rCold   . . .      Faith    .   C - +5 kite shield
rNeg    + . .      Spirit   .   R - +0 acid dragon scales
rPois   ∞          Reflect  .   (no helmet)
rElec   .          Harm     +   x - +2 cloak
rCorr   +          Rampage  .   a - +0 pair of gloves
Will    +....      Rage     3%  (boots unavailable)
Stlth   +++.......              t - amulet of regeneration
HPRegen 1.03/turn               r - ring of resist corrosion
MPRegen 0.00/turn               E - ring of protection from cold

@: forested, flying, studying Long Blades
A: sickness immunity, fire resistance 2, cold vulnerability 1, float, innate
caster, HP casting, extra vitality 1, iridescent scales 1, camouflage 1, agile
2, berserk 1, clever 1, screaming 1
a: Renounce Religion, Wall of Briars, Grow Ballistomycete, Overgrow, Grow Oklob


You were on level 1 of the Elven Halls.
You worshipped Fedhas.
Fedhas was extremely pleased with you.
You visited 4 branches of the dungeon, and saw 15 of its levels.
You also visited: Ossuary.

You collected 3042 gold pieces.
You spent 2997 gold pieces at shops.

Inventory:

Hand Weapons
 g - a +2 long sword of protection
 i - the +8 demon blade "Leech" (weapon) {vamp, Harm Drain rN+}
   (You bought it in a shop on level 2 of the Orcish Mines)

   It heals its wielder for a portion of the damage dealt every time it strikes
   a living foe.
   rN:        It protects you from negative energy.
   Drain:     It drains your maximum health when unequipped.
   Harm:      It increases damage dealt and taken.
 m - a +2 flail of protection
 A - a +3 short sword of distortion
 H - a +1 trident of freezing
 L - a +2 falchion of electrocution
 T - a +0 demon whip of venom
Missiles
 j - 76 stones
 k - 3 atropa-tipped darts
 z - 8 poisoned darts
 G - 4 curare-tipped darts
 X - 2 javelins
Armour
 a - a +0 pair of gloves (worn)
 l - a scarf of invisibility
 p - a +4 ring mail
 x - a +2 cloak (worn)
 C - a +5 kite shield (worn)
 I - a +3 leather armour of willpower
 M - a scarf of harm
 R - +0 acid dragon scales (worn)
 Z - the +1 kite shield "Jaeff" {rPois rF+ Regen+ Int-5}
   (You took it off a gnoll sergeant on level 3 of the Dungeon)

   Int:       It affects your intelligence (-5).
   rF:        It protects you from fire.
   rPois:     It protects you from poison.
   Regen:     It increases your rate of health regeneration.
Jewellery
 r - a ring of resist corrosion (left hand)
 t - an amulet of regeneration (around neck)
 E - a ring of protection from cold (right hand)
 W - a ring of willpower
Wands
 y - a wand of acid (11) (quivered)
 O - a wand of paralysis (9)
 U - a wand of iceblast (5)
 V - a wand of flame (11)
Scrolls
 b - 6 scrolls of fog
 d - a scroll of blinking {unknown}
 e - 2 scrolls of magic mapping {unknown}
 q - 2 scrolls of enchant weapon
 s - 5 scrolls of poison {unknown}
 v - a scroll of enchant armour
 w - 2 scrolls of summoning {unknown}
 B - 3 scrolls of teleportation
 F - 2 scrolls of vulnerability {unknown}
 Y - a scroll of immolation
Potions
 c - 2 potions of invisibility
 f - 2 potions of brilliance
 h - 2 potions of curing {unknown}
 n - 3 potions of mutation
 o - a potion of lignification
 u - 3 potions of cancellation
 D - 2 potions of resistance {unknown}
 P - 2 potions of heal wounds {unknown}
 S - a potion of berserk rage {unknown}


   Skills:
 + Level 2.1 Fighting
 + Level 1.8 Long Blades
 + Level 0.6 Maces & Flails
 + Level 4.9 Armour
 + Level 4.2 Dodging
 + Level 3.5 Stealth
 + Level 3.8 Shields
 + Level 15.9 Spellcasting
 * Level 4.3 Invocations


You had 11 spell levels left.
You knew the following spells:

 Your Spells              Type           Power      Damage    Failure   Level
a - Foxfire               Conj/Fire      100%       2x1d9     1%          1
b - Scorch                Fire           100%       2d10      1%          2
c - Conjure Flame         Conj/Fire      79%        6-21      1%          3
d - Inner Flame           Hex/Fire       79%        N/A       1%          3
e - Flame Wave            Conj/Fire      79%        2d17      1%          4
f - Sting                 Tmut/Pois      100%       1d8       1%          1
g - Static Discharge      Conj/Air       79%        3-13/arc  1%          2
h - Blink                 Tloc           100%       N/A       1%          2
i - Dispel Undead         Necr           79%        3d26      1%          4
j - Summon Forest         Summ/Tloc      39%        N/A       1%          5
k - Lightning Bolt        Conj/Air       39%        1d58      1%          5
Your spell library was empty.

Dungeon Overview and Level Annotations

Branches:
Dungeon (11/15)            Temple (1/1) D:6            Lair (0/5) D:9
    Orc (2/2) D:9             Elf (1/3) Orc:2       Ossuary (visited)

Altars:
Ashenzari
Cheibriados
Dithmenos
Elyvilon
Fedhas
Gozag
Hepliaklqana
Makhleb
Nemelex Xobeh
Okawaru
Qazlal
Ru
Trog
Uskayaw
Wu Jian
Xom
Yredelemnul
Zin
The Shining One

Shops:
Orc:2 [([(*


Innate Abilities, Weirdness & Mutations

You are immune to sickness and miasma.
You are immune to poison.
Your flesh is very heat resistant. (rF++)
You are vulnerable to cold. (rC-)
You float through the air rather than walking.
You learn spells naturally, not from books.
Your magical power is your life essence.
You have superior vitality. (+4 MHP)
You are partially covered in iridescent scales. (AC +2)
Your skin changes colour to match your surroundings (Stealth+).
You are very agile. (Dex +8, Str/Int -2)
You sometimes lose your temper in combat.
Your mind is acute. (Int +4, Str/Dex -1)
You occasionally shout uncontrollably at your foes.


Message History

The air elemental fires a burst of electricity at your dryad.
The stunning burst hits your dryad!
Your dryad is paralysed.
A deep elf zephyrmancer comes into view.
It is wielding a +0 dagger of venom.
A briar patch grows up from the ground. x6
Your dryad is no longer paralysed.
The deep elf zephyrmancer is waved at by a branch.
The fire elemental is hit by a branch!
A tree reaches out but misses the deep elf pyromancer.
The air elemental closely misses your dryad.
The air elemental hits your dryad.
Your dryad hits the air elemental.
Casting: Summon Forest (dangerous; 1% risk of failure)
Confirm with . or Enter, or press ? or * to list all spells.
Flames lash the air elemental.
You destroy the air elemental!
Fedhas accepts your kill.
You hear a shout!
A root smacks the deep elf zephyrmancer from below!
The forest calms down.
The deep elf pyromancer mumbles some strange words.
The deep elf pyromancer blinks!
The deep elf pyromancer hits your briar patch but does no damage.
The deep elf zephyrmancer casts a spell.
The deep elf zephyrmancer blinks!
The fire elemental hits your dryad. The fire elemental burns your dryad!
Your dryad is burned terribly!
Your dryad hits the fire elemental but does no damage.
Casting: Scorch (safe; 1% risk of failure)
Confirm with . or Enter, or press ? or * to list all spells.
Flames lash the deep elf pyromancer.
The deep elf pyromancer is moderately wounded.
The deep elf pyromancer's fire resistance burns away.
A nearby fungus withers and dies. x2
The fire elemental barely misses your dryad.
The deep elf pyromancer hits your briar patch with a +1 rapier of venom!
The deep elf zephyrmancer points at you and mumbles some strange words.
The bolt of lightning hits your briar patch!
The bolt of lightning hits you!!
You die...
Fedhas appreciates your contribution to the ecosystem.

####.......#..#+#
'..'.......#### ..
####.......# #'. #
##.....## #.# #
##...#+####+## #.# ##
######+.....##.#####
.#### ##......e'♣#...♣
#'#.### ##...P.PPPe......
#.....###......P@P♣○#
'.....'.'..P...PP.°.+
#.....###.....).♣.☼.#
'.#.### #..P/.....E.♣
#.#### ###.......R♣# [.#
#.....♣[♣P.P○.§# #.#
#....$'#...)...'.....
).##......♣#.e.?.♣♣#...⌠.
####.......♣##♣### .♣...


You could see 2 deep elf pyromancers, a deep elf zephyrmancer (ally target), a
fire elemental (summoned, distracted, ally target) and a friendly dryad
(summoned).

Vanquished Creatures
  A deep elf sorcerer (Elf:1)
  The ghost of pesado the Cleaver, a journeyman HOFi of Okawaru (D:10)
  A boulder beetle (D:10)
  A hydra (D:11)
  A centaur warrior (D:10)
  A two-headed ogre (D:9)
  2 orc high priests
  Amaemon (D:9)
  3 deep elf archers (Elf:1)
  3 deep elf pyromancers (Elf:1)
  3 orc sorcerers (Orc:2)
  7 deep elf zephyrmancers (Elf:1)
  A cyclops (D:11)
  An orange demon (D:9)
  3 trolls
  Prince Ribbit (D:5)
  A shadow (D:10)
  An air elemental (Elf:1)
  A water elemental (Elf:1)
  21 yaks
  3 wyverns
  The ghost of Strat the Shooter, an amateur MeAM (D:3)
  3 steam dragons
  Menkaure (D:5)
  4 wargs
  2 acid dragons (D:11)
  13 orc warriors (Orc:2)
  A sky beast (D:7)
  2 black bears
  3 centaurs
  6 ogres
  A phantom (D:5)
  2 kobold brigands
  6 bullfrogs
  Blork the orc (D:5)
  A gnoll sergeant (D:3)
  A necrophage (D:7)
  2 scorpions (D:5)
  3 wights (D:7)
  7 killer bees
  An electric eel (D:7)
  5 howler monkeys
  6 hounds
  2 human zombies (Ossuary)
  11 orc priests
  2 gnoll boudas (D:7)
  2 iguanas
  21 orc wizards
  2 mummies (Ossuary)
  19 gnolls
  10 adders
  2 shadow imps
  3 white imps
  2 ufetubi (D:5)
  A worm (D:4)
  4 dart slugs
  68 orcs
  12 ball pythons
  A bat (D:3)
  9 endoplasms
  16 giant cockroaches
  11 goblins
  10 hobgoblins
  8 jackals
  21 kobolds
  3 quokkas
  6 frilled lizards
  4 gnoll zombies (Ossuary)
  A goblin zombie (Ossuary)
  5 hobgoblin zombies (Ossuary)
  2 orc zombies (Ossuary)
  7 rats
395 creatures vanquished.

Vanquished Creatures (collateral kills)
  An orc warlord (Orc:2)
  A boulder beetle (D:11)
  2 dancing weapons (Elf:1)
  2 deep elf zephyrmancers (Elf:1)
  3 deep elf pyromancers (Elf:1)
  An orc sorcerer (Orc:1)
  Joseph (D:10)
  A fire elemental (Elf:1)
  3 orc warriors
  A centaur (D:11)
  A bullfrog (D:9)
  5 killer bees (D:11)
  2 orc priests (Orc:2)
  2 orc wizards
  13 orcs
39 creatures vanquished.

Vanquished Creatures (others)
  An orc wizard (D:7)
  1249 foxfires
  2 fungi (Elf:1)
  6 plants (D:3)
  2 snaplasher vines
1260 creatures vanquished.

Grand Total: 1694 creatures vanquished

Notes
Turn   | Place    | Note
-------+----------+-------------------------------------------
     0 | D:1      | unlimited1921 the Djinni Fire Elementalist began the quest
                  | for the Orb.
     0 | D:1      | unlimited1921 set off with the following spells memorised:
                  | Foxfire, Scorch, Conjure Flame, Inner Flame, Flame Wave.
     0 | D:1      | Reached XP level 1. HP: 15/15 MP: 0/0
   687 | D:1      | Reached XP level 2. HP: 17/21 MP: 0/0
   957 | D:1      | Found a faded altar of an unknown god.
  1593 | D:1      | Reached skill level 3 in Spellcasting
  1644 | D:1      | Reached XP level 3. HP: 23/25 MP: 0/0
  1644 | D:1      | Learned a level 1 spell: Sting
  3326 | D:2      | Reached skill level 1 in Armour
  3437 | D:2      | Reached XP level 4. HP: 24/31 MP: 0/0
  5406 | D:3      | Reached XP level 5. HP: 34/35 MP: 0/0
  5406 | D:3      | Learned a level 2 spell: Static Discharge
  5597 | D:3      | Found a sacrificial altar of Ru.
  5622 | D:3      | Reached skill level 4 in Spellcasting
  5954 | D:3      | Found a transporter.
  5966 | D:3      | Identified the +1 kite shield "Jaeff" {rPois rF+ Regen+
                  | Int-5}
  6080 | D:3      | Found a transporter.
  6119 | D:3      | Reached XP level 6. HP: 36/40 MP: 0/0
  6271 | D:3      | Noticed Strat's ghost (amateur MeAM)
  6612 | D:4      | Found a sand-covered staircase.
  6618 | Ossuary  | Entered an ossuary
  6789 | D:4      | Identified the +1 robe of the Mind {rN++ Will- Str+3
                  | Stlth-}
  7096 | D:4      | Reached skill level 5 in Spellcasting
  7096 | D:4      | Reached XP level 7. HP: 41/45 MP: 0/0
  7096 | D:4      | Learned a level 2 spell: Blink
  7287 | D:5      | Entered Level 5 of the Dungeon
  7416 | D:5      | Noticed Menkaure
  7422 | D:5      | Killed Menkaure
  7423 | D:5      | Reached skill level 6 in Spellcasting
  7423 | D:5      | Reached XP level 8. HP: 49/50 MP: 0/0
  7511 | D:5      | Reached skill level 7 in Spellcasting
  7567 | D:5      | Identified the +5 ring mail of Osokh {rC+++ Will- Dex+5
                  | SInv}
  7613 | D:5      | Noticed Blork the orc
  7618 | D:5      | Killed Blork the orc
  7661 | D:5      | Noticed Prince Ribbit
  7666 | D:5      | Killed Prince Ribbit
  8065 | D:5      | Identified a scroll of acquirement
  8113 | D:6      | Reached XP level 9. HP: 55/55 MP: 0/0
  8113 | D:6      | Learned a level 4 spell: Dispel Undead
  8257 | D:6      | Found a broken altar of Ashenzari.
  8366 | D:6      | Reached skill level 8 in Spellcasting
  8384 | D:6      | Identified the +1 chain mail of the Kettle-Drum {Contam rC+
                  | Will+}
  8516 | D:6      | Gained mutation: You are clumsy. (Dex -2) [mutagenic glow]
  8844 | D:6      | Found a staircase to the Ecumenical Temple.
  8854 | Temple   | Entered the Ecumenical Temple
  8869 | Temple   | Became a worshipper of Fedhas Madash
  9170 | D:7      | Reached skill level 9 in Spellcasting
  9173 | D:7      | Reached * piety under Fedhas
  9383 | D:7      | Reached XP level 10. HP: 44/61 MP: 0/0
 10417 | D:8      | Reached skill level 10 in Spellcasting
 11113 | D:9      | Found a staircase to the Orcish Mines.
 11300 | D:9      | Reached ** piety under Fedhas
 11387 | D:9      | Noticed an orange demon
 11395 | D:9      | Killed an orange demon
 11533 | D:9      | Reached skill level 11 in Spellcasting
 11534 | D:9      | Reached skill level 1 in Shields
 11790 | D:9      | Found a staircase to the Lair.
 11844 | D:9      | Noticed Amaemon
 11852 | D:9      | Killed Amaemon
 11853 | D:9      | Reached XP level 11. HP: 59/66 MP: 0/0
 11853 | D:9      | Learned a level 5 spell: Summon Forest
 11991 | D:9      | Noticed a two-headed ogre
 11994 | D:9      | Killed a two-headed ogre
 12169 | D:10     | Entered Level 10 of the Dungeon
 12221 | D:10     | Reached skill level 12 in Spellcasting
 12230 | D:10     | Noticed pesado's ghost (journeyman HOFi)
 12232 | D:10     | Noticed a centaur warrior
 12241 | D:10     | Found a runed translucent gate.
 12241 | D:10     | Found a runed translucent gate.
 12241 | D:10     | Found a runed translucent gate.
 12607 | D:10     | Reached *** piety under Fedhas
 12746 | D:10     | Found a sparkling altar of Nemelex Xobeh.
 12957 | D:10     | Found a snail-covered altar of Cheibriados.
 12957 | D:10     | Noticed a boulder beetle
 12969 | D:10     | Killed a boulder beetle
 13222 | D:10     | Reached skill level 13 in Spellcasting
 13419 | D:10     | Lost mutation: You are clumsy. (Dex -2) [potion of
                  | mutation]
 13419 | D:10     | Gained mutation: You sometimes lose your temper in combat.
                  | [potion of mutation]
 13419 | D:10     | Gained mutation: You are frail. (-10% HP) [potion of
                  | mutation]
 13419 | D:10     | Gained mutation: Your body sometimes deteriorates upon
                  | taking damage. [potion of mutation]
 13419 | D:10     | Gained mutation: You are agile. (Dex +4, Str/Int -1)
                  | [potion of mutation]
 13420 | D:10     | Lost mutation: Your body sometimes deteriorates upon taking
                  | damage. [potion of mutation]
 13420 | D:10     | Lost mutation: You are frail. (-10% HP) [potion of
                  | mutation]
 13420 | D:10     | Gained mutation: Your mind is acute. (Int +4, Str/Dex -1)
                  | [potion of mutation]
 13420 | D:10     | Gained mutation: Your skin changes colour to match your
                  | surroundings (Stealth+). [potion of mutation]
 13420 | D:10     | Gained mutation: You are very agile. (Dex +8, Str/Int -2)
                  | [potion of mutation]
 13420 | D:10     | Gained mutation: You are partially covered in iridescent
                  | scales. (AC +2) [potion of mutation]
 13520 | D:10     | Killed pesado's ghost
 13589 | D:10     | Killed a centaur warrior
 13590 | D:10     | Reached skill level 1 in Fighting
 13590 | D:10     | Reached XP level 12. HP: 29/72 MP: 0/0
 13703 | D:11     | Noticed a seven-headed hydra
 13714 | D:11     | Killed a seven-headed hydra
 13763 | D:11     | Noticed a boulder beetle
 13776 | D:11     | Killed a boulder beetle
 14883 | D:3      | Killed Strat's ghost
 14901 | D:3      | Reached **** piety under Fedhas
 15355 | D:10     | Noticed Joseph
 15368 | D:10     | Gained mutation: You occasionally shout uncontrollably at
                  | your foes. [mutagenic glow]
 15401 | D:10     | Killed Joseph
 15402 | D:10     | Reached skill level 14 in Spellcasting
 15854 | Orc:1    | Entered Level 1 of the Orcish Mines
 15883 | Orc:1    | Noticed an orc high priest
 15894 | Orc:1    | Killed an orc high priest
 16076 | Orc:2    | Entered Level 2 of the Orcish Mines
 16204 | Orc:2    | Noticed an orc high priest
 16210 | Orc:2    | Noticed a soul eater
 16210 | Orc:2    | Killed an orc high priest
 16225 | Orc:2    | Reached ***** piety under Fedhas
 16518 | Orc:2    | Found a staircase to the Elven Halls.
 16647 | Orc:2    | Found Bejeibet's General Store.
 16651 | Orc:2    | Found Wodapt's Specific Store.
 16671 | Orc:2    | Bought a scroll of identify for 28 gold pieces
 16671 | Orc:2    | Bought a potion of brilliance for 56 gold pieces
 16671 | Orc:2    | Bought a scroll of enchant armour for 105 gold pieces
 16738 | Orc:2    | Noticed an orc warlord
 16746 | Orc:2    | Killed an orc warlord
 16760 | Orc:2    | Reached XP level 13. HP: 62/77 MP: 0/0
 16760 | Orc:2    | Learned a level 5 spell: Lightning Bolt
 16860 | Orc:2    | Found Eruih's Antique Armour Shoppe.
 16864 | Orc:2    | Found Neumor Gion's Antique Weapon Emporium.
 16987 | Orc:2    | Reached skill level 15 in Spellcasting
 17354 | Orc:2    | Found Wumeo's Antique Weapon Boutique.
 17425 | Orc:2    | Found Tuzawne's Antique Armour Emporium.
 17481 | Orc:2    | Acquired 1197 gold pieces
 17487 | Orc:2    | Bought the +8 demon blade "Leech" {vamp, Harm Drain rN+}
                  | for 2808 gold pieces
 17487 | Orc:2    | Found the +8 demon blade "Leech" {vamp, Harm Drain rN+}
 17550 | Elf:1    | Entered Level 1 of the Elven Halls
 17555 | Elf:1    | Reached skill level 1 in Invocations
 17601 | Elf:1    | Reached skill level 1 in Long Blades
 18367 | Elf:1    | Noticed a deep elf sorcerer
 18377 | Elf:1    | Killed a deep elf sorcerer
 18384 | Elf:1    | HP: 3/78 [fire elemental[a deep elf pyromancer] (1)]
 18534 | Elf:1    | Paralysed by an air elemental for 1 turns
 18537 | Elf:1    | Paralysed by an air elemental for 1 turns
 18540 | Elf:1    | Paralysed by an air elemental for 1 turns
 18545 | Elf:1    | Killed from afar by a deep elf zephyrmancer

Illustrated notes

Levels and vault maps discovered:
D:1:      lightli_iron_boxes, layout_loops_corners, basic_ecumenical_altar
D:2:      minmay_roachtagon, layout_basic, corexii_corridor_pit,
          minmay_door_square
D:3:      layout_loops_corners, nicolae_ru_great_annihilating_truth,
          gammafunk_ghost_gnarly_gnolls, kennysheep_generic_room_13
D:4:      minmay_chambers_of_fours, layout_rooms, nicolae_ossuary_entry_plus,
          minmay_puff
D:5:      layout_cave_pools, st_stairs_12, eino_tiny_chamber,
          uniq_blork_the_orc, uniq_menkaure, uniq_prince_ribbit1
D:6:      layout_basic, nicolae_ashenzari_panopticon,
          minmay_temple_entry_poolview
D:7:      layout_loops_ring, amcnicky_mini_corridor_feature,
          serial_park_tiny_pond, kennysheep_cluttered_room
D:8:      layout_loops_ring
D:9:      layout_basic, lair_entry_dummy, david_orc_2, uniq_amaemon
D:10:     layout_loops_ring, mainiacjoe_overflow_surrounded_room,
          nemelex_diamond_rough_becter, gammafunk_ghost_split, uniq_joseph
D:11:     layout_basic
Temple:   dpeg_three_leaves_temple
Orc:1:    hellmonk_paralyzer, layout_caves, uniq_urug
Orc:2:    grunt_orc_community_town_hall, layout_caves,
          grunt_orc_community_big_house_1, grunt_orc_community_big_house_1,
          grunt_orc_community_house_2, grunt_orc_community_house_2,
          grunt_orc_community_house_2, grunt_orc_community_house_2,
          grunt_orc_community_house_3, nicolae_specific_store
Elf:1:    minmay_elf_arrival_summoners, layout_geoelf_octagon,
          minmay_elf_sorcery, grunt_megastairs_3

Skill      XL: |  1  2  3  4  5  6  7  8  9 10 11 12 13 |
---------------+----------------------------------------+-----
Spellcasting   | 3 4 5 6 7 9 11 13 14 15 | 15.9
Armour         | 1 3 4 |  4.9
Stealth        | 2 3 |  3.5
Dodging        | 3 4 |  4.2
Shields        | 1 2 3 |  3.8
Fighting       | 1 2 |  2.1
Invocations    | 4 |  4.3
Long Blades    | 1 |  1.8
Maces & Flails | |  0.6

Action                   |  1- 3 |  4- 6 |  7- 9 | 10-12 | 13-15 || total
-------------------------+-------+-------+-------+-------+-------++-------
Melee: Mace              |    11 |     9 |       |     6 |       ||    26
       Demon blade       |       |       |       |       |     4 ||     4
       Falchion          |       |       |       |       |     3 ||     3
 Cast: Foxfire           |    73 |   169 |   138 |   327 |    65 ||   772
       Scorch            |       |    44 |    50 |    68 |    27 ||   189
       Inner Flame       |       |    17 |    32 |   104 |    20 ||   173
       Blink             |       |       |     1 |     4 |     3 ||     8
       Sting             |       |       |       |    13 |     3 ||    16
       Summon Forest     |       |       |       |    14 |     4 ||    18
       Conjure Flame     |       |       |       |     1 |     3 ||     4
       Flame Wave        |       |       |       |     1 |       ||     1
       Lightning Bolt    |       |       |       |       |    22 ||    22
Invok: Wall of Briars    |       |       |       |     1 |     4 ||     5
  Use: Scroll            |       |       |     5 |    13 |     3 ||    21
       Potion            |       |       |     1 |     7 |       ||     8
Armor: Leather armour    |    12 |    12 |    11 |       |       ||    35
       Steam dragon scal |       |       |     4 |     7 |       ||    11
       Acid dragon scale |       |       |       |    13 |    15 ||    28
       Chain mail        |       |       |       |     2 |       ||     2
Dodge: Dodged            |    29 |    30 |    17 |    34 |    16 ||   126
Block: Kite shield       |       |       |     5 |    50 |    33 ||    88
